 Dungeon Sprint DCSS version bcrawl-1.15.1 (webtiles) character file.

Game seed: 7568060572042686948

1247 Groucho the Unseen (level 8, -5/44 HPs)
             Began as a Felid Enchanter on Oct 3, 2019.
             Was the Champion of Dithmenos.
             Slain by a 12-headed hydra (9 damage)
             ... in the Dungeon (Sprint I: "Red Sonja").
             The game lasted 00:18:51 (1798 turns).

Groucho the Unseen (Felid Enchanter)                Turns: 1798, Time: 00:18:51

Health: -5/44      AC:  2    Str:  4    XL:     8   Next: 50%
Magic:  19/25      EV: 24    Int: 18    God:    Dithmenos [******]
Gold:   725        SH:  0    Dex: 19    Spells: 2/32 levels left
                                        Lives:  0   Deaths: 3

rFire    . . .     SeeInvis +     - Unarmed
rCold    . . .     Gourm    .   (shield unavailable)
rNeg     + . .     Faith    .   (armour unavailable)
rPois    .         Spirit   .   (helmet unavailable)
rElec    .         Reflect  .   (cloak restricted)
rCorr    .         Harm     .   (gloves unavailable)
MR       +....     NoTele   +   (boots unavailable)
Stlth    ++++++++++             (no amulet)
HPRegen  0.14/turn              m - ring of positive energy
MPRegen  0.19/turn              (no ring)

@: wreathed by umbra, quick
A: very small, no armour, no weapons or thrown items, stealth, claws 1, fangs 3,
see invisible, carnivore, speed 1, shaggy fur 2, slow metabolism 1, sharp paws
a: Shadow Step, Shadow Form, Renounce Religion


You were in the Dungeon.
You worshipped Dithmenos.
Dithmenos was exalted by your worship.
You were not hungry.

You visited 1 branch You collected 1570 gold pieces.
You spent 845 gold pieces at shops.

Inventory:

Jewellery
 m - a ring of positive energy (left paw)
Wands
 a - a wand of polymorph (1)
 p - a wand of acid (7)
Scrolls
 b - a scroll of fog
 e - a scroll of remove curse {unknown}
 l - a scroll of amnesia
 n - 2 scrolls of identify
Potions
 d - 2 potions of curing
 f - a potion of haste
 g - a potion of magic
 h - a potion of cancellation {unknown}
 i - 2 potions of brilliance
 j - a potion of agility
 k - a potion of flight
 o - a potion of might {unknown}
Comestibles
 c - 2 rations {!d}


   Skills:
 + Level 5.7 Fighting
 + Level 8.0 Dodging
 - Level 19.4 Stealth
 + Level 6.9 Unarmed Combat
 + Level 12.9 Spellcasting
 - Level 15.7 Hexes
 + Level 4.2 Charms
 - Level 6.3 Translocations


You had 2 spell levels left.
You knew the following spells:

 Your Spells              Type           Power        Failure   Level  Hunger
a - Corona                Hex            ######.      0%          1    None
b - Ensorcelled Hibernat  Hex/Ice        #####.       1%          2    None
c - Confuse               Hex            ######..     1%          3    None
d - Dazzling Spray        Conj/Hex       #####.       1%          3    None
e - Tukima's Dance        Hex            ######..     1%          3    None
f - Song of Slaying       Chrm           ####....     1%          2    None
g - Invisibility          Hex            ######..     1%          6    ######.
h - Passwall              Tmut/Erth      ##......     9%          2    None
i - Passage of Golubria   Tloc           N/A          12%         5    ####...
j - Ozocubu's Armour      Chrm/Ice       ###.....     8%          3    None

Your spell library contained the following spells:

 Spells                   Type           Power        Failure   Level  Hunger
 Infusion                 Chrm           ####....     1%          1    None
 Swiftness                Chrm/Air       ###.....     3%          2    None
 Darkness                 Hex            ######....   1%          6    ######.
 Regeneration             Chrm/Necr      ###.......   8%          3    None
 Lee's Rapid Deconstruct  Erth           ##........   86%         5    ####...
 Spectral Weapon          Hex/Chrm       Unusable     N/A         3    N/A

Dungeon Overview and Level Annotations

Branches:
Dungeon (1/1)

Altars:
Cheibriados
Dithmenos
Elyvilon
Fedhas
Gozag
Hepliaklqana
Kikubaaqudgha
Lugonu
Makhleb
Nemelex Xobeh
Okawaru
Qazlal
Ru
Sif Muna
Trog
Uskayaw
Vehumet
Wu Jian
Xom
Yredelemnul
Zin
The Shining One
Jiyva

Shops:
D *[:}}[==?*}!!*?[?


Innate Abilities, Weirdness & Mutations

You cannot wear almost all types of armour.
You are incapable of wielding weapons or throwing items.
Your paws allow you to move quietly. (Stealth)
You have sharp claws.
You have razor-sharp teeth.
You have supernaturally acute eyesight. (SInv)
You are carnivorous and can eat meat at any time.
You cover ground quickly.
You are covered in thick fur. (AC +2)
You have a slow metabolism.
Your sharp claws are effective at attacking unaware monsters.


Message History

The 12-headed hydra bites you!
You emit a cloud of dark smoke.
The 12-headed hydra bites you.
The 12-headed hydra completely misses you. x2
The 12-headed hydra bites you. x2; The 12-headed hydra bites you!!
* * * LOW HITPOINT WARNING * * *
You emit a cloud of dark smoke.
The 12-headed hydra barely misses you. The 12-headed hydra closely misses you.
Unknown command.
Casting: Ensorcelled Hibernation (safe; 1% risk of failure)
Confirm with . or Enter, or press ? or * to list all spells.
Aiming: Dazzling Spray (safe; 1% risk of failure)
Press: ? - help, Shift-Dir - straight line, f/p - floating eye
Aim: a floating eye (fully charged, umbra)
The spray of energy hits the 12-headed hydra.
The 12-headed hydra is lightly wounded.
The 12-headed hydra completely misses you.
The 12-headed hydra closely misses you. The 12-headed hydra bites you.
* * * LOW HITPOINT WARNING * * *
The 12-headed hydra bites you!
You die...

#########################
..'.).#[.#.§§§§§§G§§§§G$#
†.#.).##'#§####§@D§.##§.+
###...'.§#§# ##§§.## ##
.(#####.§'.# ###+#
§§#§.##+#### §.'..#
§)#§§# ####'### .###.'§#
##)###.#


You could see a 12-headed hydra and a floating eye.

Vanquished Creatures
  2 centaur warriors (D)
  Sonja (D)
  2 unseen horrors (D)
  A deep troll (D)
  A lindwurm (D)
  An oklob plant (D)
  2 kobold demonologists (D)
  3 demonic crawlers (D)
  A slime creature (D)
  A hornet (D)
  Sigmund (D)
  2 redbacks (D)
  13 hogs (D)
  A yak (D)
  2 floating eyes (D)
  7 necrophages (D)
  An ogre (D)
  8 jellies (D)
  Ijyb (D)
  2 ballistomycetes (D)
  A ballistomycete spore (D)
54 creatures vanquished.

Vanquished Creatures (others)
  A gargoyle (D)
  A ballistomycete spore (D)
2 creatures vanquished.

Grand Total: 56 creatures vanquished

Notes
Turn   | Place    | Note
-------+----------+-------------------------------------------
     0 | D        | Groucho the Felid Enchanter began the quest for the Orb.
     0 | D        | Reached XP level 1. HP: 9/9 MP: 4/4
     2 | D        | Reached skill level 6 in Stealth
     2 | D        | Reached skill level 5 in Hexes
     2 | D        | Reached XP level 2. HP: 13/13 MP: 5/7
     2 | D        | Noticed Ijyb
    29 | D        | Killed Ijyb
    94 | D        | Learned a level 2 spell: Ensorcelled Hibernation
    95 | D        | Reached skill level 8 in Stealth
    95 | D        | Reached XP level 3. HP: 15/16 MP: 8/10
    95 | D        | Noticed an ogre
    98 | D        | Killed an ogre
   128 | D        | Reached skill level 10 in Stealth
   128 | D        | Reached skill level 5 in Spellcasting
   128 | D        | Reached XP level 4. HP: 21/21 MP: 10/12
   128 | D        | Reached XP level 5. HP: 24/24 MP: 11/14
   128 | D        | Noticed Sigmund
   132 | D        | Killed Sigmund
   137 | D        | Learned a level 3 spell: Confuse
   141 | D        | Learned a level 3 spell: Dazzling Spray
   145 | D        | Learned a level 3 spell: Tukima's Dance
   340 | D        | Found a shimmering blue altar of Sif Muna.
   341 | D        | Found an ornate altar of the Wu Jian Council.
   341 | D        | Reached skill level 11 in Stealth
   342 | D        | Found a radiant altar of Vehumet.
   361 | D        | Found Moosok's Armour Emporium.
   361 | D        | Found an ancient bone altar of Kikubaaqudgha.
   361 | D        | Found a hazy altar of Hepliaklqana.
   361 | D        | Found a hide-covered altar of Uskayaw.
   361 | D        | Found a basalt altar of Yredelemnul.
   361 | D        | Found an opulent altar of Gozag.
   361 | D        | Found a snail-covered altar of Cheibriados.
   361 | D        | Found a sacrificial altar of Ru.
   361 | D        | Found a shadowy altar of Dithmenos.
   361 | D        | Reached skill level 12 in Stealth
   361 | D        | Noticed a yak
   362 | D        | Found a stormy altar of Qazlal.
   362 | D        | Found a blossoming altar of Fedhas.
   362 | D        | Found a bloodstained altar of Trog.
   362 | D        | Found an iron altar of Okawaru.
   362 | D        | Found a glowing golden altar of the Shining One.
   362 | D        | Found a glowing silver altar of Zin.
   362 | D        | Found a white marble altar of Elyvilon.
   363 | D        | Killed a yak
   364 | D        | Found a sparkling altar of Nemelex Xobeh.
   372 | D        | Became a worshipper of Dithmenos the Shadowed
   414 | D        | Reached skill level 15 in Stealth
   414 | D        | Gained mutation: You are covered in thick fur. (AC +2)
                  | [Felid growth]
   414 | D        | Reached XP level 6. HP: 28/28 MP: 15/18
   414 | D        | Reached XP level 7. HP: 32/32 MP: 16/20
   414 | D        | Noticed a centaur warrior
   414 | D        | Reached skill level 16 in Stealth
   414 | D        | Reached XP level 8. HP: 36/36 MP: 16/22
   414 | D        | Noticed a centaur warrior
   415 | D        | Killed a centaur warrior
   416 | D        | Killed a centaur warrior
   438 | D        | Noticed a hornet
   441 | D        | Killed a hornet
   441 | D        | Reached * piety under Dithmenos
   452 | D        | Reached skill level 17 in Stealth
   452 | D        | Reached skill level 10 in Spellcasting
   452 | D        | Noticed an oklob plant
   454 | D        | Killed an oklob plant
   456 | D        | Noticed a redback
   456 | D        | Noticed a redback
   460 | D        | Killed a redback
   460 | D        | Reached ** piety under Dithmenos
   465 | D        | Killed a redback
   502 | D        | Reached skill level 18 in Stealth
   502 | D        | Reached XP level 9. HP: 36/39 MP: 22/24
   502 | D        | Noticed an unseen horror
   503 | D        | Noticed an unseen horror
   509 | D        | Killed an unseen horror
   509 | D        | Reached *** piety under Dithmenos
   511 | D        | Killed an unseen horror
   519 | D        | Reached **** piety under Dithmenos
   520 | D        | Reached skill level 19 in Stealth
   551 | D        | Reached ***** piety under Dithmenos
   595 | D        | Learned a level 6 spell: Darkness
   602 | D        | Learned a level 6 spell: Invisibility
   605 | D        | Learned a level 2 spell: Passwall
   611 | D        | Learned a level 5 spell: Passage of Golubria
   622 | D        | Found Filuskya's Gadget Shoppe.
   622 | D        | Found Ludaeg's Book Shop.
   622 | D        | Found Yraacuof's Gadget Boutique.
   624 | D        | Found Verch's Armour Emporium.
   624 | D        | Found Ywahun Wumn's Jewellery Shop.
   624 | D        | Found Jumecuy's Jewellery Shoppe.
   624 | D        | Found Kosuhinu's Magic Scroll Boutique.
   624 | D        | Found Fufusef's General Store.
   624 | D        | Found Vokhic's Gadget Shop.
   624 | D        | Found Engaifad's Distillery.
   626 | D        | Bought a book of Battle for 480 gold pieces
   628 | D        | Found Wongar's Distillery.
   629 | D        | Found Zyboopt's Magic Scroll Emporium.
   629 | D        | Found Jeokhloc's Assorted Antiques.
   630 | D        | Found Nizonlaor's Magic Scroll Emporium.
   635 | D        | Bought a potion of brilliance for 44 gold pieces
   635 | D        | Bought a potion of heal wounds for 55 gold pieces
   635 | D        | Bought a potion of curing for 33 gold pieces
   635 | D        | Bought a potion of agility for 44 gold pieces
   636 | D        | Bought a potion of flight for 33 gold pieces
   645 | D        | Bought 2 scrolls of amnesia for 84 gold pieces
   656 | D        | Learned a level 2 spell: Song of Slaying
   660 | D        | Learned a level 3 spell: Ozocubu's Armour
   681 | D        | Found Fyed's Armour Emporium.
   684 | D        | Reached skill level 1 in Fighting
   684 | D        | Noticed a deep troll
   687 | D        | Killed a gargoyle
   688 | D        | Killed a deep troll
   731 | D        | Reached skill level 15 in Hexes
   731 | D        | Noticed Sonja
   735 | D        | Killed Sonja
   975 | D        | Found Ufoe's General Store.
  1096 | D        | Bought 3 scrolls of identify for 72 gold pieces
  1135 | D        | Found a burning altar of Makhleb.
  1135 | D        | Found a shimmering altar of Xom.
  1136 | D        | Found a viscous altar of Jiyva.
  1136 | D        | Found a corrupted altar of Lugonu.
  1152 | D        | Reached skill level 5 in Dodging
  1152 | D        | Noticed a kobold demonologist
  1153 | D        | Noticed a kobold demonologist
  1161 | D        | Noticed a sixfirhy
  1163 | D        | Paralysed by a floating eye for 2 turns
  1168 | D        | Reached skill level 5 in Translocations
  1168 | D        | Reached XP level 10. HP: 37/49 MP: 20/27
  1169 | D        | Killed a kobold demonologist
  1170 | D        | Killed a kobold demonologist
  1171 | D        | Reached ****** piety under Dithmenos
  1182 | D        | HP: 2/49 [demonic crawler (12)]
  1183 | D        | Slain by a demonic crawler
  1184 | D        | Reached XP level 9. HP: -1/45 MP: 15/26
  1195 | D        | HP: 2/45 [demonic crawler (8)]
  1197 | D        | Slain by a demonic crawler
  1198 | D        | Reached XP level 8. HP: 0/42 MP: 16/25
  1235 | D        | Killed a demonic crawler
  1266 | D        | Killed a demonic crawler
  1549 | D        | Killed a demonic crawler
  1583 | D        | Reached skill level 5 in Unarmed Combat
  1583 | D        | Noticed a lindwurm
  1585 | D        | Killed a lindwurm
  1599 | D        | Reached skill level 1 in Charms
  1602 | D        | Reached skill level 5 in Fighting
  1602 | D        | Reached XP level 9. HP: 47/47 MP: 23/26
  1790 | D        | Noticed a 12-headed hydra
  1791 | D        | Paralysed by a floating eye for 4 turns
  1792 | D        | Slain by a 12-headed hydra
  1793 | D        | Reached XP level 8. HP: -4/44 MP: 20/25
  1798 | D        | Slain by a 12-headed hydra

Skill      XL: |  1  2  3  4  5  6  7  8  9 10 |
---------------+-------------------------------+-----
Stealth        | 6 8 10 15 16 18 19 | 19.4
Spellcasting   | 3 4 5 8 9 10 12 | 12.9
Hexes          | 5 6 8 11 12 14 15 | 15.7
Fighting       | 5 3 4 |  5.7
Dodging        | 7 8 6 |  8.0
Unarmed Combat | 6 4 |  6.9
Translocations | 6 5 |  6.3
Charms         | 2 4 |  4.2

Action                   |  1- 3 |  4- 6 |  7- 9 | 10-12 || total
-------------------------+-------+-------+-------+-------++-------
Melee: Unarmed           |    24 |     3 |   118 |     7 ||   152
       Bite              |       |       |     7 |     1 ||     8
       Punch             |       |       |     1 |       ||     1
 Cast: Ensorcelled Hiber |       |     2 |    21 |     1 ||    24
       Dazzling Spray    |       |       |    13 |     2 ||    15
       Song of Slaying   |       |       |     1 |       ||     1
       Confuse           |       |       |     6 |       ||     6
       Invisibility      |       |       |     2 |       ||     2
       Passwall          |       |       |     1 |       ||     1
  Use: Potion            |     1 |       |     3 |     2 ||     6
       Scroll            |       |       |     4 |       ||     4
 Stab: Confused          |     1 |       |     8 |       ||     9
       Sleeping          |     1 |     3 |    29 |     1 ||    34
       Invisible         |       |       |    14 |     3 ||    17
  Eat: Chunk             |       |       |     7 |       ||     7
Armor: Skin              |     2 |       |     2 |       ||     4
Dodge: Dodged            |    16 |       |   133 |    64 ||   213
